| TOP OF THE 1ST |
|
Great Falls Voyagers batting - Pitching for Bluefield Blue Jays : RHP Bradley Carriere
|
|
Pitching: RHP Bradley Carriere
|
|
|
Batting: RHB Andy Cotton
|
0-0: Called Strike 0-1: Swinging Strike 0-2: Foul Ball, location: 2F 0-2: Ball 1-2: Foul Ball, location: 2F 1-2: Ball 2-2: Foul Ball, location: 2F 2-2: Ball 3-2: Foul Ball, location: 2F 3-2: Foul Ball, location: 2F 3-2: SINGLE (Line Drive, 89S, EV 93.8 MPH)
|
|
Batting: RHB Enrique Gomez
|
0-0: SINGLE (Groundball, 4M, EV 106.2 MPH) (infield hit) Andy Cotton to second
|
|
Batting: RHB Russ Cornett
|
0-0: Ball 1-0: Swinging Strike 1-1: Foul Ball, location: 2F 1-2: Foul Ball, location: 2F 1-2: Foul Ball, location: 2F 1-2: Ball 2-2: Ball 3-2: Foul Ball, location: 2F 3-2: Grounds into double play, 6-4-3 (Groundball, 6, EV 82.5 MPH) Andy Cotton to third
|
|
Batting: RHB Billy Grubbs
|
0-0: SINGLE (Flyball, 89S, EV 94.4 MPH) Andy Cotton scores
|
|
Batting: RHB Brad Adams Jr.
|
0-0: SINGLE (Line Drive, 6MD, EV 96.2 MPH) Billy Grubbs to second
|
|
Batting: RHB Jake Feinstein
|
0-0: Ball 1-0: Ball 2-0: Foul Ball, location: 2F 2-1: Foul Ball, location: 2F 2-2: Ground out 4-3 (Groundball, 4S, EV 85.6 MPH)
|
| Top of the 1st over - 1 run, 4 hits, 0 errors, 2 left on base; Great Falls 1 - Bluefield 0 |
| BOTTOM OF THE 1ST |
|
Bluefield Blue Jays batting - Pitching for Great Falls Voyagers : LHP Chuck Dobbins
|
|
Pitching: LHP Chuck Dobbins
|
|
|
Batting: SHB Toby Patenaude
|
0-0: Called Strike 0-1: Swinging Strike 0-2: Ball 1-2: Ball 2-2: Foul Ball, location: 2F 2-2: Foul Ball, location: 2F 2-2: Fly out, F8 (Flyball, 8RD, EV 85.0 MPH)
|
|
Batting: RHB Chad Colyer
|
0-0: Ball 1-0: Foul Ball, location: 2F 1-1: Called Strike 1-2: Ball 2-2: Reached on error, E5 (Groundball, 56, EV 81.2 MPH)
|
|
Batting: RHB Brandon Williams
|
0-0: Swinging Strike 0-1: Fielders Choice at 2nd, 3-6 (Groundball, 3, EV 81.9 MPH)
|
|
Batting: RHB Lao-che Zhu
|
0-0: Called Strike 0-1: Called Strike 0-2: Foul Ball, location: 2F 0-2: Strikes out swinging
|
| Bottom of the 1st over - 0 runs, 0 hits, 1 error, 1 left on base; Great Falls 1 - Bluefield 0 |
| TOP OF THE 2ND |
|
Great Falls Voyagers batting - Pitching for Bluefield Blue Jays : RHP Bradley Carriere
|
|
Batting: RHB Joselito Santos
|
0-0: DOUBLE (Line Drive, 89XD, EV 97.5 MPH)
|
|
Batting: RHB David Cortez
|
0-0: Ball 1-0: Ball 2-0: Called Strike 2-1: Ground out 5-3 (Groundball, 56, EV 93.1 MPH)
|
|
Batting: RHB Dave Dominguez
|
0-0: Foul Ball, location: 2F 0-1: Foul Ball, location: 2F 0-2: DOUBLE (Line Drive, 3D, EV 96.9 MPH) Joselito Santos scores
|
|
Batting: RHB Andy Cotton
|
0-0: Ball 1-0: Called Strike 1-1: Foul Ball, location: 2F 1-2: Ball 2-2: Ball 3-2: DOUBLE (Line Drive, 78D, EV 112.5 MPH) Dave Dominguez scores
|
|
Batting: RHB Enrique Gomez
|
0-0: Called Strike 0-1: Called Strike 0-2: Ball 1-2: Fly out, F8 (Flyball, 8RM, EV 91.2 MPH)
|
|
Batting: RHB Russ Cornett
|
0-0: Ball 1-0: Foul Ball, location: 2F 1-1: Ball 2-1: Foul Ball, location: 2F 2-2: Ball 3-2: Base on Balls
|
|
Batting: RHB Billy Grubbs
|
0-0: Ball 1-0: Swinging Strike 1-1: Ball 2-1: Ball 3-1: Swinging Strike 3-2: Base on Balls Andy Cotton to third Russ Cornett to second
|
|
Batting: RHB Brad Adams Jr.
|
0-0: Fly out, F9 (Flyball, 9, EV 86.9 MPH)
|
| Top of the 2nd over - 2 runs, 3 hits, 0 errors, 3 left on base; Great Falls 3 - Bluefield 0 |
| BOTTOM OF THE 2ND |
|
Bluefield Blue Jays batting - Pitching for Great Falls Voyagers : LHP Chuck Dobbins
|
|
Batting: LHB Jessie Stewart
|
0-0: Ball 1-0: Ball 2-0: Called Strike 2-1: Foul Ball, location: 2F 2-2: Ball 3-2: Fly out, F7 (Flyball, 7LS, EV 86.2 MPH)
|
|
Batting: RHB Mike Vaughan
|
0-0: Ball 1-0: Ball 2-0: Swinging Strike 2-1: Ball 3-1: SOLO HOME RUN (Flyball, 7LD, EV 98.8 MPH), Distance : 357 ft
|
|
Batting: RHB Benedikt Fleischmann
|
0-0: Ground out 6-3 (Groundball, 6, EV 100.0 MPH)
|
|
Batting: LHB Edwin Esparza
|
0-0: Called Strike 0-1: Ground out U3 (Groundball, 34, EV 101.9 MPH)
|
| Bottom of the 2nd over - 1 run, 1 hit, 0 errors, 0 left on base; Great Falls 3 - Bluefield 1 |
| TOP OF THE 3RD |
|
Great Falls Voyagers batting - Pitching for Bluefield Blue Jays : RHP Bradley Carriere
|
|
Batting: RHB Jake Feinstein
|
0-0: Called Strike 0-1: Ball 1-1: Ground out 5-3 (Groundball, 5, EV 81.2 MPH)
|
|
Batting: RHB Joselito Santos
|
0-0: Called Strike 0-1: Called Strike 0-2: Strikes out swinging
|
|
Batting: RHB David Cortez
|
0-0: Ball 1-0: Foul Ball, location: 2F 1-1: Swinging Strike 1-2: Strikes out looking
|
| Top of the 3rd over - 0 runs, 0 hits, 0 errors, 0 left on base; Great Falls 3 - Bluefield 1 |
| BOTTOM OF THE 3RD |
|
Bluefield Blue Jays batting - Pitching for Great Falls Voyagers : LHP Chuck Dobbins
|
|
Batting: RHB Cedric Nicholls
|
0-0: Ball 1-0: Foul Ball, location: 2F 1-1: Foul Ball, location: 2F 1-2: Foul Ball, location: 2F 1-2: Foul Ball, location: 2F 1-2: Ball 2-2: Strikes out swinging
|
|
Batting: SHB Toby Patenaude
|
0-0: Ball 1-0: Reached on error, E6 (Groundball, 6, EV 99.4 MPH)
|
|
Batting: RHB Chad Colyer
|
0-0: Ball 1-0: Ball 2-0: Called Strike 2-1: Foul Ball, location: 2F 2-2: Foul Ball, location: 2F 2-2: DOUBLE (Flyball, 89D, EV 107.5 MPH) Toby Patenaude to third Runner from 3rd tries for Home, SAFE, no throw by CF
|
|
Batting: RHB Brandon Williams
|
0-0: Called Strike 0-1: Foul Ball, location: 2F 0-2: Ball 1-2: Foul Ball, location: 2F 1-2: Foul Ball, location: 2F 1-2: Ball 2-2: Ball 3-2: Base on Balls
|
|
Batting: RHB Lao-che Zhu
|
0-0: Fielders Choice at 2nd, 4-6 (Groundball, 4, EV 85.0 MPH) Chad Colyer to third
|
|
Batting: LHB Jessie Stewart
|
0-0: Swinging Strike 0-1: Ball 1-1: Ball 2-1: Ball 3-1: Base on Balls Lao-che Zhu to second
|
|
Batting: RHB Mike Vaughan
|
0-0: Ball 1-0: Fly out, F8 (Flyball, 8LS, EV 93.1 MPH)
|
| Bottom of the 3rd over - 1 run, 1 hit, 1 error, 3 left on base; Great Falls 3 - Bluefield 2 |
| TOP OF THE 4TH |
|
Great Falls Voyagers batting - Pitching for Bluefield Blue Jays : RHP Bradley Carriere
|
|
Batting: RHB Dave Dominguez
|
0-0: Foul Ball, location: 2F 0-1: Ground out 4-3 (Groundball, 4S, EV 80.6 MPH)
|
|
Batting: RHB Andy Cotton
|
0-0: Ball 1-0: Foul Ball, location: 2F 1-1: Foul Ball, location: 2F 1-2: Ball 2-2: Ball 3-2: Foul Ball, location: 2F 3-2: Foul Ball, location: 2F 3-2: Foul Ball, location: 2F 3-2: Base on Balls
|
|
Pitching: RHP Jason Hanson
|
|
|
Batting: RHB Enrique Gomez
|
0-0: Swinging Strike 0-1: Swinging Strike 0-2: Foul Ball, location: 2F 0-2: Fielders Choice at 2nd, 4-6 (Groundball, 4, EV 85.6 MPH)
|
|
Batting: RHB Russ Cornett
|
0-0: Called Strike 0-1: SINGLE (Groundball, 6MS, EV 65.0 MPH) (infield hit) Enrique Gomez to second
|
|
Batting: RHB Billy Grubbs
|
0-0: Swinging Strike 0-1: Ball 1-1: Foul Ball, location: 2F 1-2: Ball 2-2: Foul Ball, location: 2F 2-2: Ground out 1-3 (Groundball, 34S, EV 64.4 MPH)
|
| Top of the 4th over - 0 runs, 1 hit, 0 errors, 2 left on base; Great Falls 3 - Bluefield 2 |
| BOTTOM OF THE 4TH |
|
Bluefield Blue Jays batting - Pitching for Great Falls Voyagers : LHP Chuck Dobbins
|
|
Batting: RHB Benedikt Fleischmann
|
0-0: Ball 1-0: Foul Ball, location: 2F 1-1: SINGLE (Flyball, 6D, EV 90.6 MPH)
|
|
Batting: LHB Edwin Esparza
|
0-0: Swinging Strike 0-1: Called Strike 0-2: Fielders Choice at 2nd, 2-6 (Groundball, 13S, EV 73.1 MPH)
|
|
Batting: RHB Cedric Nicholls
|
0-0: Ball 1-0: Grounds into double play, 5-4-3 (Groundball, 56, EV 93.8 MPH)
|
| Bottom of the 4th over - 0 runs, 1 hit, 0 errors, 0 left on base; Great Falls 3 - Bluefield 2 |
| TOP OF THE 5TH |
|
Great Falls Voyagers batting - Pitching for Bluefield Blue Jays : RHP Jason Hanson
|
|
Batting: RHB Brad Adams Jr.
|
0-0: Called Strike 0-1: Ball 1-1: Called Strike 1-2: Ball 2-2: Strikes out swinging
|
|
Batting: RHB Jake Feinstein
|
0-0: Swinging Strike 0-1: Called Strike 0-2: Ball 1-2: Ball 2-2: Ball 3-2: Ground out 6-3 (Groundball, 6, EV 88.1 MPH)
|
|
Batting: RHB Joselito Santos
|
0-0: Called Strike 0-1: Foul Ball, location: 2F 0-2: Ball 1-2: Ball 2-2: Ball 3-2: Strikes out swinging
|
| Top of the 5th over - 0 runs, 0 hits, 0 errors, 0 left on base; Great Falls 3 - Bluefield 2 |
| BOTTOM OF THE 5TH |
|
Bluefield Blue Jays batting - Pitching for Great Falls Voyagers : LHP Chuck Dobbins
|
|
Batting: SHB Toby Patenaude
|
0-0: Ball 1-0: Ball 2-0: Called Strike 2-1: Ball 3-1: Swinging Strike 3-2: Ground out 5-3 (Groundball, 56, EV 90.6 MPH)
|
|
Batting: RHB Chad Colyer
|
0-0: Fly out, F8 (Flyball, 8LD, EV 105.0 MPH)
|
|
Batting: RHB Brandon Williams
|
0-0: Ball 1-0: Ball 2-0: Ball 3-0: Base on Balls
|
|
Batting: RHB Lao-che Zhu
|
0-0: SINGLE (Flyball, 8LS, EV 88.1 MPH) Brandon Williams to second Runner from 2nd tries for 3rd, SAFE, no throw by CF
|
|
Batting: LHB Jessie Stewart
|
0-0: Ground out 2-3 (Groundball, 2L, EV 65.6 MPH)
|
| Bottom of the 5th over - 0 runs, 1 hit, 0 errors, 2 left on base; Great Falls 3 - Bluefield 2 |
| TOP OF THE 6TH |
|
Great Falls Voyagers batting - Pitching for Bluefield Blue Jays : RHP Jason Hanson
|
|
Batting: RHB David Cortez
|
0-0: Ground out 5-3 (Groundball, 56, EV 105.6 MPH)
|
|
Batting: RHB Dave Dominguez
|
0-0: Ball 1-0: Swinging Strike 1-1: Called Strike 1-2: Foul Ball, location: 2F 1-2: Strikes out swinging
|
|
Batting: RHB Andy Cotton
|
0-0: Swinging Strike 0-1: Called Strike 0-2: Ball 1-2: Ball 2-2: Ball 3-2: Foul Ball, location: 2F 3-2: Strikes out swinging
|
| Top of the 6th over - 0 runs, 0 hits, 0 errors, 0 left on base; Great Falls 3 - Bluefield 2 |
| BOTTOM OF THE 6TH |
|
Bluefield Blue Jays batting - Pitching for Great Falls Voyagers : LHP Chuck Dobbins
|
|
Batting: RHB Mike Vaughan
|
0-0: Called Strike 0-1: Ball 1-1: Ground out 5-3 (Groundball, 56, EV 85.0 MPH)
|
|
Pitching: RHP Ben Robertson
|
|
|
Batting: RHB Benedikt Fleischmann
|
0-0: Swinging Strike 0-1: Ball 1-1: DOUBLE (Line Drive, 78D, EV 111.9 MPH)
|
|
Batting: LHB Edwin Esparza
|
0-0: Called Strike 0-1: Ball Benedikt Fleischmann is caught stealing 3rd base 2-5 1-1: Ground out U3 (Groundball, 3, EV 101.9 MPH)
|
| Bottom of the 6th over - 0 runs, 1 hit, 0 errors, 0 left on base; Great Falls 3 - Bluefield 2 |
| TOP OF THE 7TH |
|
Great Falls Voyagers batting - Pitching for Bluefield Blue Jays : RHP Jason Hanson
|
|
Batting: RHB Enrique Gomez
|
0-0: Ball 1-0: Ball 2-0: Called Strike 2-1: Swinging Strike 2-2: Strikes out swinging
|
|
Batting: RHB Russ Cornett
|
0-0: Ball 1-0: Called Strike 1-1: Swinging Strike 1-2: Ball 2-2: Foul Ball, location: 2F 2-2: Strikes out swinging
|
|
Batting: RHB Billy Grubbs
|
0-0: Fly out, F7 (Flyball, 7, EV 90.6 MPH)
|
| Top of the 7th over - 0 runs, 0 hits, 0 errors, 0 left on base; Great Falls 3 - Bluefield 2 |
| BOTTOM OF THE 7TH |
|
Bluefield Blue Jays batting - Pitching for Great Falls Voyagers : RHP Ben Robertson
|
|
Batting: RHB Cedric Nicholls
|
0-0: Ball 1-0: Called Strike 1-1: Ball 2-1: Foul Ball, location: 2F 2-2: Foul Ball, location: 2F 2-2: Foul Ball, location: 2F 2-2: Strikes out swinging
|
|
Batting: SHB Toby Patenaude
|
0-0: TRIPLE (Line Drive, 78XD, EV 105.0 MPH)
|
|
Pitching: RHP Bin Li
|
|
|
Batting: RHB Chad Colyer
|
0-0: Ball 1-0: Swinging Strike 1-1: Foul Ball, location: 2F 1-2: Strikes out swinging
|
|
Batting: RHB Brandon Williams
|
0-0: Called Strike 0-1: Ball 1-1: Swinging Strike 1-2: Strikes out looking
|
| Bottom of the 7th over - 0 runs, 1 hit, 0 errors, 1 left on base; Great Falls 3 - Bluefield 2 |
| TOP OF THE 8TH |
|
Great Falls Voyagers batting - Pitching for Bluefield Blue Jays : RHP Jason Hanson
|
|
Batting: RHB Brad Adams Jr.
|
0-0: Swinging Strike 0-1: Ball 1-1: DOUBLE (Line Drive, 9LS, EV 88.8 MPH)
|
|
Batting: RHB Jake Feinstein
|
0-0: Intentional Walk
|
|
Pitching: LHP Matt Ray
|
|
|
Batting: RHB Joselito Santos
|
0-0: Called Strike 0-1: Foul Ball, location: 2F 0-2: Foul Ball, location: 2F 0-2: Ball 1-2: Foul Ball, location: 2F 1-2: Foul Ball, location: 2F 1-2: Strikes out swinging
|
|
Batting: RHB David Cortez
|
0-0: Called Strike 0-1: Grounds into double play, 6-4-3 (Groundball, 6, EV 102.5 MPH)
|
| Top of the 8th over - 0 runs, 1 hit, 0 errors, 1 left on base; Great Falls 3 - Bluefield 2 |
| BOTTOM OF THE 8TH |
|
Bluefield Blue Jays batting - Pitching for Great Falls Voyagers : RHP Bin Li
|
|
Batting: RHB Lao-che Zhu
|
0-0: Foul Ball, location: 2F 0-1: Ground out 4-3 (Groundball, 4S, EV 87.5 MPH)
|
|
Pitching: RHP Fred George
|
|
|
Batting: LHB Jessie Stewart
|
0-0: Ball 1-0: Called Strike 1-1: Fly out, F9 (Line Drive, 9, EV 108.8 MPH)
|
|
Batting: RHB Mike Vaughan
|
0-0: Swinging Strike 0-1: Called Strike 0-2: Strikes out looking
|
| Bottom of the 8th over - 0 runs, 0 hits, 0 errors, 0 left on base; Great Falls 3 - Bluefield 2 |
| TOP OF THE 9TH |
|
Great Falls Voyagers batting - Pitching for Bluefield Blue Jays : LHP Matt Ray
|
|
Batting: RHB Dave Dominguez
|
0-0: Called Strike 0-1: Fly out, F6 (Popup, 6M, EV 60.6 MPH)
|
|
Batting: RHB Andy Cotton
|
0-0: Ground out U3 (Groundball, 3L, EV 84.4 MPH)
|
|
Batting: RHB Enrique Gomez
|
0-0: Ground out 3-1 (Groundball, 34, EV 83.1 MPH)
|
| Top of the 9th over - 0 runs, 0 hits, 0 errors, 0 left on base; Great Falls 3 - Bluefield 2 |
| BOTTOM OF THE 9TH |
|
Bluefield Blue Jays batting - Pitching for Great Falls Voyagers : RHP Fred George
|
|
Pitching: LHP Dave Fairn
|
|
|
Batting: RHB Benedikt Fleischmann
|
0-0: Called Strike 0-1: Ball 1-1: Ball 2-1: Foul Ball, location: 2F 2-2: Foul Ball, location: 2F 2-2: Strikes out swinging
|
|
Pinch Hitting: RHB Mel Bohorquez
|
0-0: Called Strike 0-1: Fly out, F8 (Flyball, 8RD, EV 97.5 MPH)
|
|
Batting: RHB Cedric Nicholls
|
0-0: Ball 1-0: Swinging Strike 1-1: Ball 2-1: Foul Ball, location: 2F 2-2: Strikes out swinging
|
| Bottom of the 9th over - 0 runs, 0 hits, 0 errors, 0 left on base; Great Falls 3 - Bluefield 2 |
|